 Dungeon Crawl Stone Soup version 0.29.1-2-gbd0b4ee654 (webtiles) character file.

Game seed: 12305358676715519047

14931 kingsuperguy the Cleaver (level 11, -1/153 HPs)
             Began as a Minotaur Berserker on Nov 17, 2022.
             Was an Elder of Trog.
             Slain by a cane toad (13 damage)
             ... on level 1 of the Lair of Beasts.
             The game lasted 00:32:11 (15541 turns).

kingsuperguy the Cleaver (Minotaur Berserker)      Turns: 15541, Time: 00:32:12

Health: -1/153     AC: 19    Str: 26    XL:     11   Next: 95%
Magic:  10/10      EV:  9    Int:  4    God:    Trog [****..]
Gold:   859        SH:  5    Dex: 10    Spells: 10/10 levels left

rFire   + . .      SeeInvis .   n - +2 short sword (flame)
rCold   . . .      Faith    .   (no shield)
rNeg    . . .      Spirit   .   o - +0 plate armour
rPois   .          Reflect  +   k - +2 hat
rElec   .          Harm     .   S - scarf {repulsion}
rCorr   .          Rampage  .   (no gloves)
Will    .....                   N - +0 pair of boots
Stlth   ..........              y - amulet of reflection
HPRegen 0.35/turn               L - ring of protection from fire
MPRegen 0.12/turn               (no ring)

@: berserking (expiring), lethally poisoned (-1 -> -20), repel missiles, very
quick
A: horns 2, retaliatory headbutt, inability to read after injury 1
a: Renounce Religion, Berserk, Trog's Hand, Brothers in Arms


You were on level 1 of the Lair of Beasts.
You worshipped Trog.
Trog was greatly pleased with you.
You visited 2 branches of the dungeon, and saw 13 of its levels.

You collected 919 gold pieces.
You spent 60 gold pieces at shops.

Inventory:

Hand Weapons
 n - a +2 short sword of flaming (weapon)
 C - a +0 shortbow
 G - a +0 hand axe of venom
 I - a +1 vorpal hand axe
 X - a +5 executioner's axe
Missiles
 p - 12 poisoned darts
 w - 7 curare-tipped darts (quivered)
 K - 5 javelins
Armour
 b - +0 acid dragon scales
 k - a +2 hat (worn)
 o - a +0 plate armour (worn)
 J - a +0 cloak
 N - a +0 pair of boots (worn)
 S - a scarf of repulsion (worn)
Jewellery
 y - an amulet of reflection (around neck)
 L - a ring of protection from fire (left hand)
 Q - a ring of ice
 T - an amulet of reflection
 Y - a +6 ring of intelligence
 Z - a ring of resist corrosion
Wands
 v - a wand of roots (20)
 E - a wand of quicksilver (6)
 M - a wand of paralysis (7)
 V - a wand of mindburst (2)
Scrolls
 c - a scroll of magic mapping {unknown}
 d - a scroll of butterflies {unknown}
 e - a scroll of enchant armour {unknown}
 h - 4 scrolls of vulnerability {unknown}
 i - 11 scrolls of teleportation {unknown}
 j - 2 scrolls of noise {unknown}
 m - 8 scrolls of identify {unknown}
 s - a scroll of poison {unknown}
 u - 3 scrolls of fear {unknown}
 x - 2 scrolls of enchant weapon {unknown}
 A - 3 scrolls of amnesia {unknown}
 F - 4 scrolls of blinking {unknown}
 R - 2 scrolls of acquirement {unknown}
 U - a scroll of immolation {unknown}
Potions
 a - a potion of brilliance {unknown}
 f - a potion of invisibility {unknown}
 g - a potion of berserk rage {unknown}
 l - 2 potions of might {unknown}
 q - 2 potions of attraction {unknown}
 r - 5 potions of heal wounds
 t - 3 potions of lignification {unknown}
 z - 3 potions of degeneration {unknown}
 B - 2 potions of haste
 D - 4 potions of curing
 H - a potion of mutation {unknown}
 P - a potion of cancellation {unknown}
 W - a potion of magic {unknown}


   Skills:
 + Level 11.0 Fighting
 + Level 1.1 Short Blades
 + Level 14.7 Axes
 + Level 2.3 Throwing
 + Level 13.5 Armour
 + Level 3.0 Dodging
 + Level 1.2 Stealth
 + Level 5.0 Shields
 + Level 0.5 Evocations


You had 10 spell levels left.
You didn't know any spells.
Your spell library was empty.

Dungeon Overview and Level Annotations

Branches:
Dungeon (12/15)            Temple (0/1) D:5            Lair (1/5) D:10
    Orc (0/2) D:12

Altars:
Ashenzari
Fedhas
Makhleb
Wu Jian
Xom
The Shining One

Shops:
D:4 !   D:12 (

Annotations:
D:9 exclusions: obsidian statue and oklob plant


Innate Abilities, Weirdness & Mutations

You have a pair of horns on your head.
You reflexively headbutt those who attack you in melee.
You occasionally lose the ability to read scrolls when taking damage.


Message History

You feel very sick.
The cane toad stings you but does no damage.
You barely miss the cane toad.
The cane toad is heavily wounded.
You feel very sick.
The cane toad stings you but does no damage.
You barely miss the cane toad.
The cane toad is heavily wounded.
You feel very sick. The cane toad stings you.
The cane toad stings you but does no damage.
You puncture the cane toad! You burn the cane toad.
The cane toad is almost dead.
You feel very sick. The cane toad stings you.
You are more poisoned.
The cane toad poisons you! The cane toad stings you.
You puncture the cane toad! You burn the cane toad.
You kill the cane toad!
Trog accepts your kill.
You feel very sick. The cane toad stings you!
* * * LOW HITPOINT WARNING * * *
Your Short Blades skill increases to level 1!
* * * LOW HITPOINT WARNING * * *
You feel very sick. The cane toad stings you!
* * * LOW HITPOINT WARNING * * *
You see here a cane toad corpse.
You feel a strong urge to attack something.
* * * LOW HITPOINT WARNING * * *
You feel very sick.
You are too berserk!
You are too berserk!
You hit the cane toad. You burn the cane toad.
The cane toad is lightly wounded.
* * * LOW HITPOINT WARNING * * *
You feel very sick. The cane toad stings you!
You die...

#....# ♣....####
♣♣......####
♣...###..P#
♣♣.........##
♣........#..###
♣♣............#
♣.....†F.....##
♣......@......#
♣.............##
♣♣............#
♣........?...#
♣.............#
.............P#
..............#
............##


You could see a cane toad.

Vanquished Creatures
  A hydra (Lair:1)
  3 boulder beetles
  A death yak (Lair:1)
  An ugly thing (D:11)
  A cyclops (D:12)
  A gargoyle (D:12)
  A cane toad (Lair:1)
  An unseen horror (D:9)
  A troll (D:9)
  Prince Ribbit (D:6)
  Grinder (D:6)
  3 slime creatures (D:12)
  A spriggan (Lair:1)
  4 wraiths
  3 wyverns
  2 basilisks
  12 yaks
  2 steam dragons
  3 vampire mosquitoes (D:11)
  Menkaure (D:6)
  2 acid dragons
  2 water moccasins (Lair:1)
  2 ice beasts
  4 orc warriors
  A swamp drake (D:10)
  A sky beast (D:7)
  2 black bears (D:5)
  2 ogres
  6 centaurs
  3 kobold brigands
  3 bullfrogs
  A gnoll sergeant (D:10)
  A necrophage (D:6)
  2 scorpions (D:5)
  5 wights (D:8)
  7 killer bees
  10 howler monkeys
  10 jellies
  6 orc priests
  6 hounds
  3 iguanas
  Natasha (thrice) (D:3)
  15 orc wizards
  Robin (D:3)
  8 gnolls
  6 adders
  A white imp (D:8)
  An ufetubus (D:5)
  4 worms
  2 dart slugs (D:4)
  26 orcs
  11 ball pythons
  5 bats
  18 endoplasms
  2 giant cockroaches
  13 goblins
  11 hobgoblins
  12 jackals
  4 quokkas
  A frilled lizard (D:1)
  21 kobolds
  4 rats
  A bush (Lair:1)
293 creatures vanquished.

Vanquished Creatures (others)
  A troll (D:10)
  A wyvern (D:10)
  A basilisk (D:10)
  13 fungi
  A plant (D:3)
17 creatures vanquished.

Grand Total: 310 creatures vanquished

Notes
Turn   | Place    | Note
-------+----------+-------------------------------------------
     0 | D:1      | kingsuperguy the Minotaur Berserker began the quest for the
                  | Orb.
     0 | D:1      | Reached XP level 1. HP: 19/19 MP: 0/0
   116 | D:1      | Reached skill level 4 in Axes
   116 | D:1      | Reached XP level 2. HP: 27/27 MP: 1/1
   987 | D:2      | Reached XP level 3. HP: 33/33 MP: 2/2
  1026 | D:2      | Reached ** piety under Trog
  1891 | D:3      | Reached skill level 5 in Axes
  1910 | D:3      | Noticed Robin
  1924 | D:3      | Killed Robin
  1925 | D:3      | Reached XP level 4. HP: 35/41 MP: 3/3
  2087 | D:3      | Found an ornate altar of the Wu Jian Council.
  2383 | D:3      | Noticed Natasha
  2391 | D:3      | Killed Natasha
  2407 | D:3      | Found a glowing golden altar of the Shining One.
  2420 | D:3      | Noticed Natasha
  2426 | D:3      | Killed Natasha
  2427 | D:3      | Reached skill level 6 in Axes
  2427 | D:3      | Reached XP level 5. HP: 47/47 MP: 4/4
  2440 | D:3      | Found a faded altar of an unknown god.
  2551 | D:4      | Reached skill level 5 in Fighting
  2656 | D:3      | Noticed Natasha
  2662 | D:3      | Killed Natasha
  2798 | D:4      | Reached *** piety under Trog
  2811 | D:4      | HP: 2/48 [orc priest/divine providence (15)]
  2824 | D:4      | Reached XP level 6. HP: 14/56 MP: 5/5
  2978 | D:4      | Found Axesir's Distillery.
  2982 | D:4      | Bought a potion of heal wounds for 60 gold pieces
  3334 | D:4      | Reached skill level 7 in Axes
  3656 | D:5      | Entered Level 5 of the Dungeon
  3656 | D:5      | Found a staircase to the Ecumenical Temple.
  3680 | D:5      | Reached XP level 7. HP: 57/61 MP: 6/6
  3844 | D:5      | Reached skill level 8 in Axes
  4077 | D:5      | Found a shimmering altar of Xom.
  4077 | D:5      | Found a shimmering altar of Xom.
  4083 | D:5      | Reached skill level 5 in Armour
  4089 | D:5      | Reached skill level 1 in Shields
  4128 | D:5      | Found a shimmering altar of Xom.
  4128 | D:5      | Found a shimmering altar of Xom.
  4128 | D:5      | Found a shimmering altar of Xom.
  4135 | D:5      | Found a shimmering altar of Xom.
  4135 | D:5      | Found a shimmering altar of Xom.
  4145 | D:5      | Noticed a steam dragon
  4157 | D:5      | Killed a steam dragon
  4158 | D:5      | Reached XP level 8. HP: 38/71 MP: 7/7
  4451 | D:5      | Reached skill level 9 in Axes
  4652 | D:6      | Noticed Prince Ribbit
  4659 | D:6      | Killed Prince Ribbit
  4736 | D:6      | Noticed Menkaure
  4745 | D:6      | Killed Menkaure
  4979 | D:6      | Reached skill level 10 in Axes
  5934 | D:6      | Reached XP level 9. HP: 79/79 MP: 8/8
  6351 | D:6      | Noticed Grinder
  6359 | D:6      | Killed Grinder
  8237 | D:8      | Reached skill level 10 in Armour
  8330 | D:8      | Reached **** piety under Trog
  8572 | D:8      | Reached skill level 11 in Axes
  8700 | D:9      | Noticed an obsidian statue
  8700 | D:9      | Noticed a troll
  8700 | D:9      | Found a broken altar of Ashenzari.
  8711 | D:9      | Killed a troll
  8712 | D:9      | Reached XP level 10. HP: 89/89 MP: 9/9
  9292 | D:9      | Noticed an oklob plant
 10185 | D:9      | Gained mutation: You occasionally lose the ability to read
                  | scrolls when taking damage. [a neqoxec]
 10202 | D:9      | Noticed a soul eater
 10514 | D:10     | Entered Level 10 of the Dungeon
 10544 | D:10     | Reached skill level 1 in Throwing
 10907 | D:10     | Reached ***** piety under Trog
 11010 | D:10     | Found a blossoming altar of Fedhas.
 11016 | D:10     | Found a burning altar of Makhleb.
 11360 | D:10     | Reached skill level 12 in Axes
 11360 | D:10     | Reached skill level 1 in Stealth
 11495 | D:10     | Found a staircase to the Lair.
 11761 | D:11     | Received a gift from Trog
 12170 | D:11     | Reached XP level 11. HP: 94/97 MP: 10/10
 12551 | D:11     | Noticed a boulder beetle
 12571 | D:11     | Killed a boulder beetle
 12878 | D:11     | Reached skill level 10 in Fighting
 12879 | D:11     | Reached skill level 13 in Axes
 13983 | D:12     | Found Ylioc's Weapon Boutique.
 13984 | D:12     | Found a staircase to the Orcish Mines.
 14005 | D:12     | Noticed a boulder beetle
 14040 | D:12     | Killed a boulder beetle
 14107 | D:12     | Noticed a boulder beetle
 14123 | D:12     | Killed a boulder beetle
 14124 | D:12     | Reached skill level 14 in Axes
 14264 | D:12     | Noticed a white ugly thing
 14275 | D:11     | Killed a white ugly thing
 14808 | Lair:1   | Entered Level 1 of the Lair of Beasts
 14834 | Lair:1   | Noticed a death yak
 14842 | Lair:1   | Killed a death yak
 14894 | Lair:1   | Noticed an eight-headed hydra
 14905 | Lair:1   | Killed an eight-headed hydra
 15314 | Lair:1   | Reached skill level 5 in Shields
 15539 | Lair:1   | Reached skill level 1 in Short Blades
 15541 | Lair:1   | Slain by a cane toad

Illustrated notes

Levels and vault maps discovered:
D:1:      shiori_arrival_maze, layout_loops_ring
D:2:      layout_basic
D:3:      minmay_angry_zag, layout_rooms, mainiacjoe_overflow_surrounded_room,
          tso_oasis_becter, shapermc_ecumenical_altar_venn, st_stairs_4,
          uniq_robin, uniq_natasha
D:4:      layout_basic, serial_shops, shop
D:5:      layout_basic, nicolae_xom_altar_mimics, minmay_temple_entry_mini_moons
D:6:      layout_layer_cave, dreamdust_gnoll_farm, uniq_prince_ribbit1,
          uniq_grinder, uniq_menkaure
D:7:      layout_layer_cave
D:8:      layout_basic, minmay_strange_pillars
D:9:      lemuel_slime, layout_rooms, ashenzari_altar_1,
          serial_co_window_serial, co_window_paths_b, co_window_corner_a,
          co_window_of_opportunity_a, co_window_paths_a,
          co_window_of_opportunity_a, co_window_paths_b, co_window_paths_a,
          co_window_paths_a, co_window_paths_a, co_window_broadway_a,
          co_window_unsneaky_path_c, co_window_paths_c, co_window_corner_b,
          co_window_of_opportunity_c, co_window_paths_d, co_window_paths_e,
          minivault_15, evilmike_butchery
D:10:     minmay_flawed_box, layout_cave_pools, amethyst_overflow_temple_binary,
          erik_lair_dragon
D:11:     layout_long_grid, chequers_serial_rivers_micro_e,
          kennysheep_generic_room_5
D:12:     layout_long_grid, orc_david_3
Lair:1:   wad_woods_structure_01, layout_cave_shapes,
          grunt_forest_large_clearing_hut

Skill      XL: |  1  2  3  4  5  6  7  8  9 10 11 |
---------------+----------------------------------+-----
Axes           | 4 5 6 7 8 10 11 12 14 | 14.7
Fighting       | 4 5 6 7 8 9 11 | 11.0
Armour         | 3 4 5 7 10 12 13 | 13.5
Shields        | 1 2 3 4 5 |  5.0
Throwing       | 2 |  2.3
Stealth        | 1 |  1.2
Dodging        | 3 |  3.0
Short Blades   | 1 |  1.1
Evocations     | |  0.5

Action                   |  1- 3 |  4- 6 |  7- 9 | 10-12 || total
-------------------------+-------+-------+-------+-------++-------
Melee: Hand axe          |   110 |   106 |   255 |   210 ||   681
       Headbutt          |    12 |    20 |    54 |    78 ||   164
       Punch             |     2 |     2 |     3 |     3 ||    10
       Executioner's axe |       |       |       |    96 ||    96
       Short sword       |       |       |       |    30 ||    30
Throw: Dart              |       |       |     4 |    12 ||    16
Invok: Berserk           |       |     2 |     9 |     8 ||    19
       Trog's Hand       |       |     1 |       |     2 ||     3
Evoke: Wand              |       |       |     2 |     1 ||     3
  Use: Potion            |       |     3 |       |     2 ||     5
Armor: Animal skin       |    11 |       |       |       ||    11
       Plate armour      |    37 |    48 |   146 |   213 ||   444
Dodge: Dodged            |    70 |    28 |    99 |   121 ||   318
Block: Other             |       |       |    62 |    63 ||   125
       Reflection        |       |       |     4 |     5 ||     9
